 Dungeon Crawl Stone Soup version 0.31-a0-460-g9e667d4245 (webtiles) character file.

Game seed: 3016354372813952927

105 Maratek the Shooter (level 5, -1/39 HPs)
             Began as a Human Hunter on Aug 4, 2023.
             Was a Follower of Ru.
             Slain by a black bear (5 damage)
             ... on level 4 of the Dungeon.
             The game lasted 00:07:16 (2120 turns).

Maratek the Shooter (Human Hunter)                  Turns: 2120, Time: 00:07:17

Health: -1/39      AC:  6    Str: 12    XL:     5   Next: 8%
Magic:  5/5        EV: 12    Int:  9    God:    Ru [*.....]
Gold:   164        SH:  0    Dex: 18    Spells: 4/4 levels left

rFire   . . .        a - +0 shortbow
rCold   . . .        (shield currently unavailable)
rNeg    + . .        e - +3 leather armour of Loss {rN+ Regen+ Stlth-}
rPois   .            (no helmet)
rElec   .            (no cloak)
rCorr   .            (no gloves)
SInv    .            (no boots)
Will    .....        (no amulet)
Stlth   +            (no ring)
HPRegen 1.06/turn    (no ring)
MPRegen 0.09/turn

%: inaccuracy (-5)
@: no status effects
A: missing an eye
a: Renounce Religion


You were on level 4 of the Dungeon.
You worshipped Ru.
Ru was aware of your devotion.
You visited 1 branch of the dungeon, and saw 4 of its levels.

You collected 164 gold pieces.

Inventory:

Hand Weapons
 a - a +0 shortbow (weapon)
Armour
 e - the +3 leather armour of Loss (worn) {rN+ Regen+ Stlth-}
   (You found it on level 2 of the Dungeon)

   rN:        It protects you from negative energy.
   Regen:     It increases your rate of health regeneration.
   Stlth:     It makes you less stealthy.
Scrolls
 b - a scroll of butterflies
 g - a scroll of amnesia {unknown}
 i - a scroll of fear {unknown}
 j - a scroll of noise {unknown}
Potions
 c - a potion of heal wounds {unknown}
 d - a potion of degeneration {unknown}
 f - a potion of cancellation {unknown}
 h - 2 potions of curing {unknown}


   Skills:
 + Level 2.4 Fighting
 + Level 5.4 Ranged Weapons
 + Level 1.2 Armour
 + Level 2.2 Dodging
 + Level 1.2 Stealth


You had 4 spell levels left.
You didn't know any spells.
Your spell library contained the following spells:

 Spells                   Type           Power      Damage    Failure   Level
 Apportation              Tloc           0%         N/A       45%         1
 Blink                    Tloc           0%         N/A       61%         2
 Portal Projectile        Hex/Tloc       0%         N/A       83%         3
 Tukima's Dance           Hex            0%         N/A       83%         3
 Iskenderun's Mystic Bla  Conj/Tloc      0%         2d3       99%         4
 Manifold Assault         Tloc           0%         N/A       99%         4
 Alistair's Intoxication  Tmut/Pois      0%         N/A       100%        5


Dungeon Overview and Level Annotations

Branches:
Dungeon (4/15)
 Temple: D:4-7

Altars:
Cheibriados
Ru

Annotations:
D:3 Grinder
D:4 1 transporter, qborf's ghost, amateur FoHs


Innate Abilities, Weirdness & Mutations

You are missing an eye, making it more difficult to aim.


Message History

Aim: a black bear (severely wounded, berserk, 54% to hit)
You shoot an arrow.
The arrow completely misses the black bear.
The arrow hits the orc!
You kill the orc!
The black bear barely misses you. The black bear claws you. x2
A kobold comes into view. It is wielding a +0 club.
The black bear bites you.
* * * LOW HITPOINT WARNING * * *
The black bear claws you.
* * * LOW HITPOINT WARNING * * *
The black bear closely misses you.
Fire: a) +0 shortbow
Press: ? - help, Q - select action Shift-Dir - straight line, f/p - black bear
Aim: a black bear (severely wounded, berserk, 54% to hit)
You shoot an arrow. The arrow barely misses the black bear.
The kobold shouts!
The arrow hits the kobold.
You kill the kobold!
The black bear barely misses you.
The black bear claws you but does no damage.
The black bear closely misses you.
The black bear bites you but does no damage.
The black bear claws you.
* * * LOW HITPOINT WARNING * * *
The black bear closely misses you.
Fire: a) +0 shortbow
Press: ? - help, Q - select action Shift-Dir - straight line, f/p - black bear
Aim: a black bear (severely wounded, berserk, 54% to hit)
You shoot an arrow.
The arrow closely misses the black bear.
The arrow closely misses the scorpion.
The black bear completely misses you. The black bear closely misses you. x2
Fire: a) +0 shortbow
Press: ? - help, Q - select action Shift-Dir - straight line, f/p - black bear
Aim: a black bear (severely wounded, berserk, 54% to hit)
You shoot an arrow. The arrow hits the black bear.
The black bear is severely wounded.
The black bear bites you.
You die...

.#. ...... ## .....
.. .... ## .K. ##Jg
## #s. . # . #h#
.#.. . #@# ... ##=.
#.## ###.##.#.....#.
...#
#....#©..#..©..##..#
#....#..##5 ......#
#....#....# #...##
#....##.... ...#.
#.....##5### #####.
#......###©####.....
#...............###.


You could see a black bear (berserk), a scorpion, an endoplasm, a hobgoblin and
a kobold.

Vanquished Creatures
  5 adders
  3 worms
  A dart slug (D:1)
  4 orcs
  A ball python (D:1)
  3 endoplasms (D:2)
  2 giant cockroaches
  4 goblins
  4 hobgoblins
  A quokka (D:2)
  5 bats
  6 frilled lizards
  5 kobolds
  2 rats
46 creatures vanquished.

Notes
Turn   | Place    | Note
-------+----------+-------------------------------------------
     0 | D:1      | Maratek the Human Hunter began the quest for the Orb.
     0 | D:1      | Reached XP level 1. HP: 16/16 MP: 1/1
   187 | D:1      | Reached XP level 2. HP: 22/22 MP: 2/2
   699 | D:2      | Identified the -2 pair of boots of Calculation {Stlth+}
   710 | D:2      | Identified the +3 leather armour of Loss {rN+ Regen+
                  | Stlth-}
   834 | D:2      | Found a sacrificial altar of Ru.
   845 | D:2      | Became a worshipper of Ru the Awakened
  1076 | D:2      | Reached XP level 3. HP: 27/27 MP: 3/3
  1599 | D:3      | Reached skill level 5 in Ranged Weapons
  1599 | D:3      | Reached XP level 4. HP: 33/33 MP: 4/4
  1793 | D:3      | Found a snail-covered altar of Cheibriados.
  1823 | D:3      | Noticed Grinder
  1823 | D:3      | Paralysed by Grinder for 4 turns
  1832 | D:3      | Paralysed by Grinder for 4 turns
  2014 | D:4      | Gained mutation: You are missing an eye, making it more
                  | difficult to aim. [Ru sacrifice]
  2014 | D:4      | Reached * piety under Ru
  2042 | D:4      | Reached skill level 1 in Armour
  2070 | D:4      | Noticed qborf's ghost (amateur FoHs)
  2080 | D:4      | Found a transporter.
  2096 | D:4      | Noticed a black bear
  2101 | D:4      | Reached XP level 5. HP: 39/39 MP: 5/5
  2120 | D:4      | Slain by a black bear

Illustrated notes

Levels and vault maps discovered:
D:1:      eino_arrival_druids_welcome, layout_loops_ring, serial_forest,
          infiniplex_forest_join, infiniplex_forest_lined_4_way,
          infiniplex_forest_lined_1, infiniplex_forest_lined_corner,
          infiniplex_forest_clump_curved, infiniplex_forest_corner_1
D:2:      layout_basic, basic_altar, feat_on_display
D:3:      layout_basic, lemuel_tele_altar, mainiacjoe_overflow_small_starburst,
          shapermc_ecumenical_altar_venn, st_stairs_2, serial_bayou_pond_b,
          uniq_grinder
D:4:      layout_basic, minmay_temple_entry_drinking_statues,
          gammafunk_ghost_stat_death

Skill      XL: |  1  2  3  4 |
---------------+-------------+-----
Ranged Weapons | 5 |  5.4
Armour         | 1 |  1.2
Fighting       | |  2.4
Dodging        | |  2.2
Stealth        | |  1.2

Action                     |  1- 3 |  4- 6 || total
---------------------------+-------+-------++-------
   Fire: Shortbow          |    59 |    97 ||   156
 Invoke: Sacrifice an Eye  |       |     1 ||     1
 Armour: Leather armour    |    11 |    38 ||    49
  Dodge: Dodged            |    11 |    62 ||    73

Table legend: (Time is in decaauts)
 A = Elapsed time spent in this place.
 B = Non-inter-level travel time spent in this place.
 C = Inter-level travel time spent in this place.
 D = Time resting spent in this place.
 E = Time spent auto-exploring this place.
 F = Levels seen in this place.
 G = Mean time per level.
                   A        B        C        D        E       F      G
               +--------+--------+--------+--------+--------+-----+--------+
         Total |   2150 |   2092 |     58 |      0 |   1702 |   4 |  537.5 |
       Dungeon |   2150 |   2092 |     58 |      0 |   1702 |   4 |  537.5 |
               +--------+--------+--------+--------+--------+-----+--------+

Top non-repeatable levels by time:
     D:2: 851 daAuts
     D:1: 694 daAuts
     D:3: 321 daAuts
     D:4: 284 daAuts
